 Dungeon Crawl Stone Soup version 0.28.0 (webtiles) character file.

Game seed: 11437198199130039944

151 HallandMoats the Skirmisher (level 5, -2/33 HPs)
             Began as a Gargoyle Fighter on Feb 13, 2022.
             Was an Initiate of Gozag.
             Killed by divine providence
             ... invoked by an orc priest
              (10 damage)
             ... on level 3 of the Dungeon.
             The game lasted 00:02:29 (2525 turns).

HallandMoats the Skirmisher (Gargoyle Fighter)      Turns: 2525, Time: 00:02:29

Health: -2/33      AC: 13    Str: 22    XL:     5   Next: 33%
Magic:  6/6        EV:  9    Int:  8    God:    Gozag
Gold:   471        SH:  4    Dex:  9    Spells: 4/4 levels left

rFire   . . .      SeeInvis .   a - +0 flail
rCold   . . .      Faith    .   c - +0 buckler
rNeg    + . .      Spirit   .   b - +0 scale mail
rPois   ∞          Reflect  .   d - +1 helmet
rElec   +          Harm     .   (no cloak)
rCorr   .          Rampage  .   (no gloves)
Will    .....                   (no boots)
Stlth   ..........              (no amulet)
HPRegen 0.11/turn               (no ring)
MPRegen 0.10/turn               (no ring)

@: no status effects
A: sickness immunity, AC +4, negative energy resistance 1, electricity
resistance, torment resistance 1, petrification resistance
a: Renounce Religion, Potion Petition, Call Merchant, Bribe Branch


You were on level 3 of the Dungeon.
You worshipped Gozag.
Gozag was aware of your devotion.
You visited 1 branch of the dungeon, and saw 3 of its levels.

You collected 471 gold pieces.

Inventory:

Hand Weapons
 a - a +0 flail (weapon)
Armour
 b - a +0 scale mail (worn)
 c - a +0 buckler (worn)
 d - a +1 helmet (worn)
Scrolls
 e - a scroll of identify {unknown}
 f - 3 scrolls of immolation {unknown}
 h - 2 scrolls of teleportation {unknown}
 k - a scroll of noise {unknown}
 o - a scroll of summoning {unknown}
Potions
 g - a potion of haste {unknown}
 i - a potion of flight {unknown}
 j - 2 potions of berserk rage {unknown}
 l - 2 potions of curing {unknown}
 m - a potion of degeneration {unknown}
 n - 2 potions of ambrosia {unknown}


   Skills:
 * Level 4.2 Fighting
 * Level 3.0 Maces & Flails
 + Level 3.8 Armour
 + Level 1.0 Dodging
 + Level 3.6 Shields
 * Level 2.2 Invocations


You had 4 spell levels left.
You didn't know any spells.
Your spell library contained the following spells:

 Spells                   Type           Power      Damage    Failure   Level
 Corpse Rot               Necr/Air       0%         N/A       91%         2
 Dispel Undead            Necr           0%         3d6       100%        4
 Petrify                  Tmut/Erth      0%         N/A       100%        4
 Metabolic Englaciation   Hex/Ice        0%         N/A       100%        5
 Death Channel            Necr           0%         N/A       100%        6
 Statue Form              Tmut/Erth      Unusable   N/A       N/A         6

Dungeon Overview and Level Annotations

Branches:
Dungeon (3/15)

Altars:
Gozag


Innate Abilities, Weirdness & Mutations

You are immune to sickness and miasma.
Your stone body is resilient. (AC +4)
You are immune to poison.
You resist negative energy. (rN+)
You are resistant to electric shocks. (rElec)
You are resistant to unholy torment.
You are immune to petrification.


Message History

You sock the goblin!
You kill the goblin!
The orc priest miscasts a cantrip.
Things that are here:
5 gold pieces; a +0 club You hit the orc.
The orc is moderately wounded.
The orc hits you but does no damage.
You closely miss the orc.
The orc is moderately wounded.
The orc hits you but does no damage.
The orc priest invokes the aid of Beogh against you.
Beogh smites you!
You sock the orc!
You kill the orc!
You hit the orc.
The orc is lightly wounded.
The orc priest miscasts a cantrip.
You block the orc's attack. The orc barely misses you.
You closely miss the orc.
The orc is lightly wounded.
The orc hits you but does no damage.
You closely miss the orc.
The orc is lightly wounded.
The orc hits you but does no damage.
The orc is distracted by your dazzling golden aura.
The orc priest calls down the wrath of Beogh upon you.
Beogh smites you!
The orc shouts!
You hit the orc priest.
The orc priest is lightly wounded.
You block the orc's attack.
The orc priest hits you but does no damage.
The orc hits you with a +0 whip.
* * * LOW HITPOINT WARNING * * *
The orc is no longer distracted by gold.
The orc priest invokes the aid of Beogh against you.
Beogh smites you!
You die...
Your body crumbles into a pile of gold.

#..............#
#..............#
#..............#
#..............#
#..............#
#.........(.....
##########........(.....#
......o$..............#><
......oo@.............#..
...........############..
############ #.. #.. #..
#.. ##. #. ##.


You could see an orc priest and 2 orcs.

Vanquished Creatures
  A howler monkey (D:2)
  Terence (D:3)
  Robin (D:2)
  A gnoll (D:1)
  2 worms
  A dart slug (D:1)
  An orc (D:3)
  3 endoplasms (D:2)
  2 giant cockroaches (D:1)
  13 goblins
  8 hobgoblins
  2 jackals (D:1)
  2 quokkas
  4 ball pythons
  5 bats
  A frilled lizard (D:1)
  4 kobolds
  4 rats
56 creatures vanquished.

Notes
Turn   | Place    | Note
-------+----------+-------------------------------------------
     0 | D:1      | HallandMoats the Gargoyle Fighter began the quest for the
                  | Orb.
     0 | D:1      | Reached XP level 1. HP: 14/14 MP: 1/1
   116 | D:1      | Found a faded altar of an unknown god.
   135 | D:1      | Reached XP level 2. HP: 18/19 MP: 2/2
   161 | D:1      | Prayed at the altar of an unknown god.
   161 | D:1      | Became a worshipper of Gozag Ym Sagoz the Greedy
   563 | D:1      | Reached skill level 1 in Invocations
   635 | D:1      | Reached XP level 3. HP: 23/23 MP: 3/3
  1445 | D:2      | Noticed Robin
  1485 | D:2      | Killed Robin
  1486 | D:2      | Reached XP level 4. HP: 6/29 MP: 5/5
  1827 | D:2      | Reached skill level 4 in Fighting
  1827 | D:2      | Reached skill level 1 in Dodging
  2129 | D:3      | Noticed Terence
  2226 | D:3      | Killed Terence
  2227 | D:3      | Reached XP level 5. HP: 28/33 MP: 6/6
  2525 | D:3      | Killed from afar by an orc priest

Illustrated notes

Levels and vault maps discovered:
D:1:      dpeg_arrival_rhombus, layout_loops_ring,
          ebering_ecumenical_altar_ruins
D:2:      layout_basic, roderic_malta_cross, chequers_serial_rivers_small_a,
          dk_noncrumbling_3, uniq_robin
D:3:      layout_basic, lemuel_tele_altar, general_overflow_altar, uniq_terence

Skill      XL: |  1  2  3  4  5 |
---------------+----------------+-----
Invocations    | 1 2 |  2.2
Fighting       | 4 |  4.2
Dodging        | 1 |  1.0
Maces & Flails | 3 |  3.0
Armour         | |  3.8
Shields        | |  3.6

Action                   |  1- 3 |  4- 6 || total
-------------------------+-------+-------++-------
Melee: Flail             |   143 |    57 ||   200
  Use: Potion            |     1 |       ||     1
Armor: Scale mail        |    82 |    35 ||   117
Dodge: Dodged            |    75 |    25 ||   100
Block: Buckler           |    35 |     9 ||    44
